 Dungeon Crawl Stone Soup version 0.31-a0-846-gb3bcc0d938 (webtiles) character file.

Game seed: 15762407414885764385

359 croobank the Covert (level 6, -17/44 HPs)
             Began as an Octopode Delver on Oct 4, 2023.
             Was an Initiate of Ashenzari.
             Demolished by Duvessa
             ... wielding a +0 short sword
              (20 damage)
             ... on level 4 of the Dungeon.
             The game lasted 00:12:41 (2963 turns).

croobank the Covert (Octopode Delver)               Turns: 2963, Time: 00:12:42

Health: -17/44     AC:  1    Str: 11    XL:     6   Next: 65%
Magic:  6/6        EV: 14    Int: 15    God:    Ashenzari [......]
Gold:   191        SH:  0    Dex: 13    Spells: 5/5 levels left

rFire   . . .        t - +4 short sword
rCold   . . .        (no shield)
rNeg    . . .        (helmet restricted)
rPois   .            (no amulet)
rElec   .            (no ring)
rCorr   .            (no ring)
SInv    .            (no ring)
Will    .....        (no ring)
Stlth   +++++        (no ring)
HPRegen 0.27/turn    (no ring)
MPRegen 0.10/turn    (no ring)
                     (no ring)

%: no passive effects
@: about to teleport, studying Evocations
A: almost no armour, amphibious, 8 rings, camouflage 1, gelatinous body 1,
(nimble swimmer 1), tentacles
a: Renounce Religion, Curse Item


You were on level 4 of the Dungeon.
You worshipped Ashenzari.
Ashenzari was noncommittal.
You visited 2 branches of the dungeon, and saw 7 of its levels.

You collected 191 gold pieces.

Inventory:

Hand Weapons
 c - a +0 dagger of speed
 d - a +0 flail
 j - a +0 trident
 t - a +4 short sword (weapon)
 v - a +2 whip of freezing
Missiles
 f - 2 javelins
 g - 9 poisoned darts
 u - 3 boomerangs
Jewellery
 n - a ring of ice
Scrolls
 b - a scroll of fog
 h - a scroll of teleportation
 l - a scroll of vulnerability {unknown}
 m - a scroll of poison {unknown}
 r - a scroll of silence {unknown}
 s - 2 scrolls of immolation {unknown}
Potions
 e - 2 potions of curing
 k - a potion of ambrosia {unknown}
 o - 2 potions of brilliance {unknown}
 p - a potion of mutation {unknown}
 q - 2 potions of attraction {unknown}


   Skills:
 * Level 4.3 Fighting
 * Level 3.6(3.7) Short Blades
 + Level 0.6(2.3) Long Blades
 * Level 3.7 Dodging
 * Level 8.0 Stealth
 + Level 1.2 Evocations


You had 5 spell levels left.
You didn't know any spells.
Your spell library contained the following spells:

 Spells                   Type           Power      Damage    Failure   Level
 Cigotuvi's Dreadful Rot  Necr/Pois/Air  0%         N/A       38%         2
 Wereblood                Tmut           0%         N/A       38%         2
 Frozen Ramparts          Ice            0%         1d1       63%         3
 Dispel Undead            Necr           0%         3d6       95%         4
 Petrify                  Tmut/Erth      0%         N/A       95%         4
 Irradiate                Conj/Tmut      0%         3d11      100%        5
 Metabolic Englaciation   Hex/Ice        0%         N/A       100%        5
 Death Channel            Necr           0%         N/A       100%        6


Dungeon Overview and Level Annotations

Branches:
Dungeon (6/15)             Temple (1/1) D:4

Altars:
Ashenzari
Dithmenos
Elyvilon
Fedhas
Gozag
Hepliaklqana
Kikubaaqudgha
Makhleb
Nemelex Xobeh
Qazlal
Ru
Sif Muna
Trog
Uskayaw
Vehumet
Xom
Yredelemnul
Zin

Shops:
D:3 =

Annotations:
D:4 Duvessa
D:5 Grinder


Innate Abilities, Weirdness & Mutations

You cannot wear most types of armour.
You are amphibious.
You can wear up to eight rings at the same time.
Your skin changes colour to match your surroundings (Stealth+).
Your rubbery body absorbs attacks. (AC +1, EV +1)
((You are camouflaged when in or above water. (Stealth+)))
You have tentacles for arms and can constrict up to eight enemies at once.


Message History

You hit Dowan.
You kill Dowan!
You hear a distant scream of rage.
Your Stealth skill increases to level 8!
You start resting.
A black bear is nearby!
The black bear growls angrily.
Duvessa goes berserk!
As you read the scroll of fog, it dissolves into smoke.
Duvessa rages.
Throw: throwing net
Press: ? - help, Q - select action, (/) - cycle Shift-Dir - straight line, f - Duvessa
Aim: Duvessa, wielding a +0 short sword and wearing a +0 chain mail (berserk, 68% to hit)
You throw a throwing net. The throwing net barely misses Duvessa.
Okay, then.
Okay, then.
Okay, then.
You don't know any spells.
Okay, then.
As you read the scroll labelled YJUINE LUHI, it crumbles to dust.
It is a scroll of identify.
e - 3 potions of curing Duvessa barely misses you.
The black bear barely misses you.
The black bear claws you. x2; Duvessa hits you with a +0 short sword!
It was a potion of heal wounds.
You feel much better.
The black bear misses you. x2; The black bear claws you.
Duvessa misses you.
Okay, then.
As you read the scroll labelled TESSIAT QONUXIBB, it crumbles to dust.
You feel strangely unstable.
It was a scroll of teleportation.
Duvessa hits you with a +0 short sword! The black bear barely misses you.
The black bear claws you. x2
Duvessa hits you with a +0 short sword!!
* * * LOW HITPOINT WARNING * * *
You feel better. The black bear bites you.
* * * LOW HITPOINT WARNING * * *
The black bear claws you.
* * * LOW HITPOINT WARNING * * *
The black bear barely misses you. Duvessa barely misses you.
Duvessa hits you with a +0 short sword!!
You die...

#........# ..
####........######..
#..........§§.......
#..........(.§......
#........§§.§.......
#...........§§§..... ###
#........§§§§§§..... ..#
#...e....§§§§§§.....
..############..@h......§§§§.....
...............##############....
...............# #....
...............# #....
...............# #....
##.............# #....
.#.............# #....
.#.............# #....
.#.............# #....


You could see Duvessa (berserk) and a black bear.

Vanquished Creatures
  Dowan (D:4)
  An orc priest (D:4)
  A hound (D:2)
  A sleepcap (D:5)
  An iguana (D:3)
  An orc wizard (D:3)
  Robin (D:3)
  3 gnolls (D:4)
  4 adders
  3 worms
  5 dart slugs
  5 orcs
  6 endoplasms
  4 giant cockroaches
  7 goblins
  10 hobgoblins
  2 jackals (D:1)
  3 quokkas
  6 ball pythons
  8 bats
  5 frilled lizards
  6 kobolds
  7 rats
91 creatures vanquished.

Notes
Turn   | Place    | Note
-------+----------+-------------------------------------------
     0 | D:5      | croobank the Octopode Delver began the quest for the Orb.
     0 | D:5      | Reached XP level 1. HP: 16/16 MP: 1/1
     6 | D:6      | Noticed a gnoll sergeant
    44 | D:5      | Reached XP level 2. HP: 21/21 MP: 2/2
    76 | D:5      | Reached skill level 7 in Stealth
    76 | D:5      | Reached XP level 3. HP: 26/26 MP: 3/3
    81 | D:4      | Noticed Duvessa
    81 | D:4      | Noticed Grinder
    81 | D:4      | Noticed a black bear
    83 | D:4      | Noticed Dowan
   285 | D:4      | Found a staircase to the Ecumenical Temple.
   295 | D:4      | Reached XP level 4. HP: 21/31 MP: 4/4
   347 | Temple   | Entered the Ecumenical Temple
   395 | Temple   | Became a worshipper of Ashenzari the Shackled
   649 | D:3      | Found Weenirip's Jewellery Emporium.
   729 | D:3      | Reached XP level 5. HP: 37/37 MP: 5/5
  1199 | D:2      | Found a shadowy altar of Dithmenos.
  2088 | D:2      | Reached XP level 6. HP: 42/43 MP: 6/6
  2182 | D:2      | Identified a scroll of acquirement
  2182 | D:2      | Acquired a manual of Evocations
  2369 | D:3      | Noticed Robin
  2377 | D:3      | Killed Robin
  2769 | D:4      | Reached skill level 1 in Evocations
  2928 | D:4      | Killed Dowan
  2929 | D:4      | Reached skill level 8 in Stealth
  2961 | D:4      | HP: 1/44 [Duvessa/+0 short sword (19)]
  2963 | D:4      | Demolished by Duvessa

Illustrated notes

Levels and vault maps discovered:
D:1:      psy_arrival_spokes, layout_loops_ring
D:2:      layout_basic, basic_altar, minmay_between
D:3:      layout_loops_ring, serial_shops, nicolae_shop_pleasant_corner_grove,
          uniq_robin
D:4:      layout_gridville, minmay_temple_entry_proselytizer, uniq_duvessa,
          uniq_menkaure, uniq_grinder
D:5:      layout_layer_cave, dilly_guarded_unrand_morg, uniq_blork_the_orc
D:6:      layout_loops_ring, nicolae_overflow_squiral, minmay_unpleasant_kobolds
Temple:   minmay_crystal_spiral_temple

Skill      XL: |  1  2  3  4  5  6 |
---------------+-------------------+-----
Stealth        | 7 8 |  8.0
Dodging        | 3 |  3.7
Short Blades   | 3 |  3.6
Fighting       | 4 |  4.3
Evocations     | 1 |  1.2
Long Blades    | |  0.6

Action                     |  1- 3 |  4- 6 || total
---------------------------+-------+-------++-------
  Melee: Short sword       |    21 |   193 ||   214
         Tentacles         |     8 |    33 ||    41
         Constrict         |     5 |    45 ||    50
         Punch             |       |     1 ||     1
  Throw: Throwing net      |       |     2 ||     2
  Evoke: Wand              |     3 |       ||     3
    Use: Scroll            |     2 |     4 ||     6
         Potion            |     1 |     2 ||     3
   Stab: Sleeping          |     1 |    27 ||    28
 Armour: Skin              |     5 |    69 ||    74
  Dodge: Dodged            |    10 |   112 ||   122

Table legend: (Time is in decaauts)
 A = Elapsed time spent in this place.
 B = Non-inter-level travel time spent in this place.
 C = Inter-level travel time spent in this place.
 D = Time resting spent in this place.
 E = Time spent auto-exploring this place.
 F = Levels seen in this place.
 G = Mean time per level.
                   A        B        C        D        E       F      G
               +--------+--------+--------+--------+--------+-----+--------+
         Total |   2909 |   2625 |    284 |    366 |   1457 |   7 |  415.6 |
       Dungeon |   2813 |   2624 |    189 |    366 |   1457 |   6 |  468.8 |
        Temple |     96 |      1 |     95 |      0 |      0 |   1 |   96.0 |
               +--------+--------+--------+--------+--------+-----+--------+

Top non-repeatable levels by time:
     D:3: 820 daAuts
     D:2: 772 daAuts
     D:1: 639 daAuts
     D:4: 470 daAuts
     D:5: 98 daAuts
  Temple: 96 daAuts
     D:6: 11 daAuts
